 Dungeon Crawl Stone Soup version 0.16-a0-3724-gf14d081 (webtiles) character file.

1707 SkaryMonk the Spear-Bearer (level 8, 0/60 HPs)
             Began as a Demigod Wanderer on Jan 21, 2015.
             Slain by a killer bee (1 damage)
             ... on level 8 of the Dungeon.
             The game lasted 00:19:55 (6864 turns).

SkaryMonk the Spear-Bearer (Demigod Wanderer)       Turns: 6864, Time: 00:19:55

Health: 0/60       AC:  8    Str: 19    XL:     8   Next: 45%
Magic:  18/18      EV: 11    Int: 18    God:
Gold:   320        SH:  0    Dex: 17    Spells: 0 memorised, 12 levels left

rFire  . . .     SeeInvis .     a - +2 spear
rCold  . . .     Clarity  .     F - +2 leather armour {rN+}
rNeg   + . .     SustAb   +     (no shield)
rPois  .         Gourm    .     (no helmet)
rElec  .         Spirit   .     B - +0 cloak
rCorr  .         Warding  .     m - +0 pair of gloves
rMut   .         Stasis   .     C - +0 pair of boots
MR     .....                    (no amulet)
Stlth  +++.......               g - ring of stealth (curse)
                                v - +4 ring of dexterity

@: lethally poisoned, not resistant to hostile enchantments, fairly stealthy
A: sustain abilities
a: no special abilities


You were on level 8 of the Dungeon.
You were hungry.

You visited 1 branch of the dungeon, and saw 8 of its levels.

You collected 407 gold pieces.
You spent 87 gold pieces at shops.

Notes
Turn   | Place    | Note
--------------------------------------------------------------
     0 | D:1      | SkaryMonk, the Demigod Wanderer, began the quest for the Orb.
     0 | D:1      | SkaryMonk set off with: a +2 spear, Shratixy's Reference Book on the Voyage, Ghuph's Grimoire of Creation, a +0 robe, a bread ration
     0 | D:1      | Reached XP level 1. HP: 17/17 MP: 4/4
     0 | D:1      | Identified Shratixy's Reference Book on the Voyage
     0 | D:1      | Identified Ghuph's Grimoire of Creation
   166 | D:1      | Reached XP level 2. HP: 24/24 MP: 6/6
   718 | D:1      | Reached skill level 3 in Polearms
   718 | D:1      | Reached XP level 3. HP: 21/29 MP: 8/8
   982 | D:2      | Reached XP level 4. HP: 22/36 MP: 11/11
  1455 | D:2      | Reached skill level 4 in Polearms
  1484 | D:2      | You fall through a shaft!
  1696 | D:3      | Found a sparkling altar of Nemelex Xobeh.
  1809 | D:3      | Noticed an ogre
  1852 | D:2      | Found a radiant altar of Vehumet.
  1852 | D:2      | Found a shadowy altar of Dithmenos.
  1856 | D:2      | Found a glowing silver altar of Zin.
  1856 | D:2      | Found an opulent altar of Gozag.
  1858 | D:2      | Found a glowing golden altar of the Shining One.
  1861 | D:2      | Found a burning altar of Makhleb.
  2030 | D:3      | Reached XP level 5. HP: 28/41 MP: 12/12
  2600 | D:4      | Reached skill level 5 in Polearms
  2661 | D:4      | Noticed SkaryMonk's ghost (average DgWn)
  2709 | D:4      | Noticed Eustachio
  2728 | D:5      | Entered Level 5 of the Dungeon
  2810 | D:5      | Found Itueluej's Antique Weapon Boutique.
  2817 | D:5      | Bought a trident for 87 gold pieces
  3007 | D:5      | Noticed a sky beast
  3019 | D:5      | Killed a sky beast
  3019 | D:5      | Reached skill level 6 in Polearms
  3019 | D:5      | Reached XP level 6. HP: 37/48 MP: 15/15
  3721 | D:5      | Noticed an ogre
  3727 | D:5      | Killed an ogre
  3734 | D:5      | Noticed an ice beast
  3747 | D:5      | Killed an ice beast
  3747 | D:5      | Reached skill level 7 in Polearms
  3793 | D:5      | Reached XP level 7. HP: 45/53 MP: 18/18
  4113 | D:5      | Noticed an ogre
  4126 | D:5      | Killed an ogre
  4545 | D:5      | Reached skill level 8 in Polearms
  4949 | D:6      | Found a sacrificial altar of Ru.
  5011 | D:6      | Noticed Ijyb
  5023 | D:6      | Killed Ijyb
  5314 | D:6      | Reached skill level 9 in Polearms
  5403 | D:6      | Reached XP level 8. HP: 55/60 MP: 18/18
  5920 | D:6      | Noticed Crazy Yiuf
  5934 | D:6      | Killed Crazy Yiuf
  6123 | D:7      | Found Breacox's Gadget Shoppe.
  6595 | D:7      | Reached skill level 10 in Polearms
  6863 | D:8      | HP: 2/60 [killer bee (6)]
  6864 | D:8      | Slain by a killer bee

Inventory:

Hand weapons
 a - a +2 spear (weapon)
 q - a +0 spear
 x - a cursed -2 halberd
 y - a +0 trident
 z - a +0 spear of piercing
 G - a +0 trident
Missiles
 D - 3 tomahawks (quivered)
Armour
 m - a +0 pair of gloves (worn)
 B - a +0 cloak (worn)
 C - a +0 pair of boots (worn)
 F - a +2 leather armour of positive energy (worn)
Jewellery
 g - a cursed ring of stealth (right hand)
 v - a +4 ring of dexterity (left hand)
Magical devices
 d - a wand of invisibility (5)
Scrolls
 h - 2 scrolls of amnesia
 j - 5 scrolls of remove curse
 l - 2 scrolls of noise {unknown}
 o - 6 scrolls of recharging
 p - a scroll of enchant armour {unknown}
 t - a scroll of blinking {unknown}
 A - 2 scrolls of random uselessness {unknown}
 H - a scroll of teleportation {unknown}
 J - a scroll of fear {unknown}
Potions
 e - a potion of invisibility {unknown}
 k - a potion of cancellation
 w - 2 potions of restore abilities {unknown}
 I - a potion of haste {unknown}
Books
 b - Shratixy's Reference Book on the Voyage

   Spells                             Type                      Level
   a - Apportation                    Translocation                1
   b - Portal Projectile              Translocation                3
 c - Ghuph's Grimoire of Creation

   Spells                             Type                      Level
   a - Summon Butterflies             Summoning                    1
   b - Recall                         Summoning/Translocation      3
 i - a book of Hinderance

   Spells                             Type                      Level
   a - Confusing Touch                Hexes                        2
   b - Confuse                        Hexes                        3
   c - Petrify                        Transmutation/Earth          4
   d - Metabolic Englaciation         Hexes/Ice                    5
   e - Summon Mana Viper              Hexes/Summoning              5
   f - Gell's Gravitas                Hexes/Translocation          6
 E - a book of Power

   Spells                             Type                      Level
   a - Fulminant Prism                Conjuration/Hexes            4
   b - Iskenderun's Mystic Blast      Conjuration                  4
   c - Venom Bolt                     Conjuration/Poison           5
   d - Bolt of Magma                  Conjuration/Fire/Earth       5
   e - Iron Shot                      Conjuration/Earth            6
   f - Orb of Destruction             Conjuration                  7
   g - Spellforged Servitor           Conjuration/Summoning        7
 L - a book of the Sky

   Spells                             Type                      Level
   a - Flight                         Charms/Air                   3
   b - Airstrike                      Air                          4
   c - Silence                        Hexes/Air                    5
   d - Deflect Missiles               Charms/Air                   6
   e - Conjure Ball Lightning         Conjuration/Air              6
   f - Tornado                        Air                          9
Comestibles
 f - 8 bread rations
 n - a meat ration
 s - a royal jelly
 u - a beef jerky

Table legend:
 A = Turns spent in this place as a percentage of turns spent in the entire game.
 B = Non-inter-level travel turns spent in this place as a percentage of non-inter-level travel turns spent in the entire game.
 C = Inter-level travel turns spent in this place as a percentage of turns spent in this place.
 D = Turns resting spent in this place as a percentage of non-inter-level travel turns spent in this place.
 E = Turns spent auto-exploring this place as a percentage of non-inter-level travel turns spent in this place.
 F = Non-inter-level travel turns spent in this place divided by the number of levels of this place that you've seen.
                   A       B       C       D       E      F
               +-------+-------+-------+-------+-------+----------------------
         Total | 100.0 | 100.0 |   0.6 |   4.0 |  11.8 | 230.9
       Dungeon | 100.0 | 100.0 |   0.6 |   4.0 |  11.8 | 230.9
               +-------+-------+-------+-------+-------+----------------------


   Skills:
 - Level 1.7 Fighting
 + Level 10.2 Polearms
 - Level 1.0 Stealth
   Level 1.0 Shields
 - Level 2.6 Spellcasting
   Level 1.0 Summonings
   Level 1.0 Translocations


You had 12 spell levels left.
You didn't know any spells.

Dungeon Overview and Level Annotations

Branches:
Dungeon (8/15)
 Temple: D:4-7         Lair: D:8-11

Shops:
D:5 (   D:7 }

Annotations:
D:4 Eustachio; SkaryMonk's ghost, average DgWn
D:7 exclusion: killer bee


Innate Abilities, Weirdness & Mutations

Your attributes are resistant to harm.


Message History

The killer bee stings you.
* * * LOW HITPOINT WARNING * * *
You miss the killer bee.
The killer bee is severely wounded.
You feel sick. The killer bee closely misses you.
You hit the killer bee.
The killer bee is severely wounded.
The killer bee stings you.
* * * LOW HITPOINT WARNING * * *
You hit the killer bee.
The killer bee is almost dead.
The killer bee barely misses you. The killer bee stings you.
* * * LOW HITPOINT WARNING * * *
You are more poisoned.
The killer bee poisons you!
You closely miss the killer bee.
The killer bee is almost dead.
* * * LOW HITPOINT WARNING * * *
You feel sick. The killer bee stings you.
You die...

#...# . ##..#
#..## . #...# ...
##..#####....
..... #...........
#..y.#
#...........
#....###....#####.
#....#@)..##
#...†y..##
##.....## ##...##
#####


You could see a killer bee.

Table legend:
 A = Kills in this place as a percentage of kills in entire the game.
 B = Kills by you in this place as a percentage of kills by you in the entire game.
 C = Kills by friends in this place as a percentage of kills by friends in the entire game.
 D = Other kills in this place as a percentage of other kills in the entire game.
 E = Experience gained in this place as a percentage of experience gained in the entire game.
 F = Experience gained in this place divided by the number of levels of this place that you have seen.
                   A       B       C       D       E      F
               +-------+-------+-------+-------+-------+----------------------
         Total | 100.0 | 100.0 |  -nan |  -nan | 100.0 | 304.9
       Dungeon | 100.0 | 100.0 |  -nan |  -nan | 100.0 | 304.9
               +-------+-------+-------+-------+-------+----------------------

Vanquished Creatures
  A necrophage (D:6)
  An ice beast (D:5)
  A sky beast (D:5)
  A centaur (D:6)
  2 ogres (D:5)
  A phantom (D:6)
  A big kobold (D:7)
  2 killer bees (D:8)
  2 giant frogs (D:6)
  2 scorpions (D:5)
  A crimson imp (D:6)
  A giant frog zombie (D:6)
  A jelly (D:6)
  Crazy Yiuf (D:6)
  3 orc priests
  A hound (D:5)
  A giant frog skeleton (D:4)
  2 worker ants
  2 orc wizards
  3 iguanas
  Ijyb (D:6)
  A hound skeleton (D:5)
  4 gnolls (D:5)
  5 adders
  3 giant mites
  3 worms
  An adder skeleton (D:7)
  3 giant geckos
  4 oozes
  19 orcs
  2 giant cockroaches
  8 goblins
  13 hobgoblins
  18 kobolds
  3 quokkas
  4 ball pythons
  13 bats
  2 giant gecko skeletons
  5 giant newts
  10 jackals (D:1)
  A jackal skeleton (D:5)
  17 rats
170 creatures vanquished.

Action                   |  1- 3 |  4- 6 |  7- 9 || total
-------------------------+-------+-------+-------++-------
Melee: Spear             |   167 |   242 |   360 ||   769
  Use: Scroll            |       |     8 |     1 ||     9
       Potion            |       |     3 |     4 ||     7
 Stab: Distracted        |       |       |     2 ||     2
       Sleeping          |       |       |     1 ||     1
  Eat: Chunk             |       |    10 |     9 ||    19

Vault maps used:
D:1:      saegor_arrival_under_anarchy, minmay_shallow_snake_nest
D:2:      minitemple, grunt_decor_cap, minmay_rat_gold_closets
D:3:      nemelex_spade_bored_becter
D:4:      minmay_temple_entry_glass, uniq_natasha, uniq_eustachio
D:5:      corexii_shack_village, serial_shops, shop, first_bread
D:6:      hangedman_ru_absence, uniq_crazy_yiuf_cottage, uniq_iyjb
D:7:      serial_shops, shop
D:8:      serial_shops, kennysheep_mini, grunt_livestock,
          minmay_misc_feat_enclosed, uniq_gastronok
